 Dungeon Crawl Stone Soup version 0.20.0-4-g10b340a (webtiles) character file.

2030 Monsterracer the Grappler (level 9, -4/80 HPs)
             Began as a Naga Transmuter on May 27, 2017.
             Slain by a water moccasin (8 damage)
             ... on level 6 of the Dungeon.
             The game lasted 00:17:02 (5893 turns).

Monsterracer the Grappler (Naga Transmuter)         Turns: 5893, Time: 00:17:03

Health: -4/80      AC:  6    Str: 13    XL:     9   Next: 23%
Magic:  5/12       EV: 17    Int: 17    God:
Gold:   133        SH:  0    Dex: 16    Spells: 1/12 levels left

rFire    + . .     SeeInvis +     - Unarmed
rCold    + . .     Gourm    .   (no shield)
rNeg     . . .     Faith    .   b - +0 robe
rPois    +         Spirit   .   (no helmet)
rElec    .         Reflect  .   q - scarf {rC+ rF+}
rCorr    .         Harm     .   h - +1 pair of gloves
MR       +....                  (no barding)
Stlth    ++........             (no amulet)
Regen    0.3/turn               (no ring)
MPRegen  0.2/turn               (no ring)

@: agile, very slow
A: see invisible, deformed body, poison resistance, slowness 2, slow metabolism
1, spit poison 1, AC +3
a: Spit Poison


You were on level 6 of the Dungeon.
You were not hungry.

You visited 1 branch of the dungeon, and saw 6 of its levels.

You collected 133 gold pieces.

Inventory:

Missiles
 a - 68 arrows
 g - 2 tomahawks
 m - 5 javelins (quivered)
Armour
 b - a +0 robe (worn)
 h - a +1 pair of gloves (worn)
 q - a scarf of resistance (worn)
Jewellery
 n - an uncursed ring of fire
Wands
 k - a wand of lightning (6/15)
 p - a wand of flame (21/48)
Scrolls
 e - 2 scrolls of identify
 f - a scroll of fog
Potions
 i - a potion of brilliance {unknown}
 l - 2 potions of heal wounds {unknown}
 t - a potion of flight
 u - a potion of agility
Books
 c - a book of Changes

   Spells                             Type                      Level
   a - Beastly Appendage              Transmutation                1
   b - Sticks to Snakes               Transmutation                2
   c - Spider Form                    Transmutation/Poison         3
   d - Ice Form                       Ice/Transmutation            4
   e - Blade Hands                    Transmutation                5
 j - a book of Geomancy

   Spells                             Type                      Level
   a - Sandblast                      Earth                        1
   b - Passwall                       Transmutation/Earth          2
   c - Stone Arrow                    Conjuration/Earth            3
   d - Petrify                        Transmutation/Earth          4
   e - Lee's Rapid Deconstruction     Earth                        5
Comestibles
 d - 3 bread rations
 o - 3 royal jellies
 r - 2 fruits
 s - a chunk of flesh


   Skills:
 + Level 4.8 Fighting
 + Level 4.0 Dodging
 * Level 9.0 Unarmed Combat
 - Level 2.0 Spellcasting
 + Level 4.7 Transmutations
 - Level 2.2 Poison Magic


You had one spell level left.
You knew the following spells:

 Your Spells              Type           Power        Failure   Level  Hunger
a - Beastly Appendage     Tmut           ###...       2%          1    #......
b - Sticks to Snakes      Tmut           ###.....     4%          2    ###....
c - Spider Form           Tmut/Pois      ##........   14%         3    ###....
d - Blade Hands           Tmut           ###.......   58%         5    ######.


Dungeon Overview and Level Annotations

Branches:
Dungeon (6/15)
 Temple: D:4-7

Altars:
Dithmenos
Sif Muna

Shops:
D:5 %

Annotations:
D:2 1 runed door
D:5 2 transporters


Innate Abilities, Weirdness & Mutations

You cannot wear boots.
Your serpentine skin is tough. (AC +3)
You have supernaturally acute eyesight. (SInv)
Armour fits poorly on your strangely shaped body.
Your system is resistant to poisons. (rPois)
You cover ground very slowly.
You have a slow metabolism.
You can spit poison.


Message History

Your ball python closely misses the water moccasin.
Unknown command.
Your ball python bites the wyvern skeleton.
The water moccasin misses you.
Your adder bites the wyvern skeleton.
You punch the water moccasin!
The water moccasin is moderately wounded.
Your ball python barely misses the wyvern skeleton.
The water moccasin bites you but does no damage.
Something closely misses your adder.
Your adder barely misses the wyvern skeleton.
You barely miss the water moccasin.
The water moccasin is moderately wounded.
The water moccasin bites you!
* * * LOW HITPOINT WARNING * * *
Your ball python bites the wyvern skeleton.
Your adder bites the wyvern skeleton.
Something misses your adder.
Casting: Sticks to Snakes
Confirm with . or Enter, or press ? or * to list all spells.
You create a snake!
You now have 68 arrows.
The water moccasin bites you!
You die...

############
...........#
...........#
...........# .
.....!.....###...
.%
..........S...>..
.# .....%...SZ#
#.# ...###..##S##
#..# #..###@.#
...# #.#
##.#####..# .. #.
#S......##...# #.
##.........# .
#.###.##### . #.#
#.# #.# #.## ..#
#..### .## ##...#


You could see a water moccasin, a wyvern skeleton, a friendly adder and 2
friendly ball pythons.

Vanquished Creatures
  A two-headed ogre (D:5)
  An ice beast (D:5)
  A sky beast (D:5)
  A necrophage (D:5)
  An eye of draining (D:6)
  An ogre (D:3)
  A bullfrog (D:6)
  A howler monkey (D:6)
  2 crimson imps
  A jelly (D:5)
  2 orc priests (D:4)
  A bullfrog skeleton (D:6)
  A hound (D:5)
  3 orc wizards (D:4)
  2 centaur skeletons (D:5)
  Terence (D:2)
  3 iguanas (D:4)
  Natasha (thrice) (D:3)
  2 worker ants (D:4)
  6 adders
  An ooze (D:5)
  An adder skeleton (D:5)
  4 worms
  2 dart slugs (D:2)
  7 leopard geckos
  13 orcs
  A ball python (D:2)
  2 giant cockroaches (D:2)
  5 goblins
  9 hobgoblins
  6 jackals (D:4)
  A ball python skeleton (D:4)
  6 bats
  7 frilled lizards
  8 kobolds
  11 rats
119 creatures vanquished.

Vanquished Creatures (collateral kills)
  A phantom (D:5)
  Ijyb (D:5)
  A worker ant (D:5)
3 creatures vanquished.

Grand Total: 122 creatures vanquished

Notes
Turn   | Place    | Note
-------+----------+-------------------------------------------
     0 | D:1      | Monsterracer the Naga Transmuter began the quest for the Orb.
     0 | D:1      | Reached XP level 1. HP: 18/18 MP: 3/3
   153 | D:1      | Reached XP level 2. HP: 11/25 MP: 3/5
   368 | D:1      | Learned a level 2 spell: Sticks to Snakes
   850 | D:2      | Reached skill level 4 in Unarmed Combat
   940 | D:2      | Reached XP level 3. HP: 19/31 MP: 6/6
   945 | D:2      | Learned a level 3 spell: Spider Form
  1207 | D:2      | Noticed Terence
  1218 | D:2      | Killed Terence
  1218 | D:2      | Reached skill level 1 in Poison Magic
  1229 | D:2      | Reached XP level 4. HP: 14/38 MP: 3/7
  1629 | D:2      | Found a runed door.
  2015 | D:2      | Reached skill level 5 in Unarmed Combat
  2153 | D:3      | Found a deep blue altar of Sif Muna.
  2156 | D:3      | Noticed Natasha
  2165 | D:3      | Killed Natasha
  2165 | D:3      | Reached XP level 5. HP: 44/44 MP: 4/8
  2271 | D:3      | Found a shadowy altar of Dithmenos.
  2357 | D:3      | Noticed Natasha
  2365 | D:3      | Killed Natasha
  2524 | D:3      | Found a faded altar of an unknown god.
  2578 | D:3      | Noticed an ogre
  2586 | D:3      | Killed an ogre
  2586 | D:3      | Reached XP level 6. HP: 51/51 MP: 2/9
  2676 | D:3      | Noticed Natasha
  2679 | D:3      | Killed Natasha
  2679 | D:3      | Reached skill level 6 in Unarmed Combat
  3788 | D:4      | Reached XP level 7. HP: 44/58 MP: 6/10
  4003 | D:4      | Learned a level 2 spell: Sticks to Snakes
  4495 | D:4      | Reached skill level 7 in Unarmed Combat
  4610 | D:5      | Entered Level 5 of the Dungeon
  4628 | D:5      | Noticed Ijyb
  4640 | D:5      | Killed Ijyb
  4846 | D:5      | Reached XP level 8. HP: 55/69 MP: 7/11
  4858 | D:5      | Learned a level 5 spell: Blade Hands
  5256 | D:5      | Found Duituxt's Food Shoppe.
  5297 | D:5      | Noticed a two-headed ogre
  5315 | D:5      | Killed a two-headed ogre
  5315 | D:5      | Reached skill level 8 in Unarmed Combat
  5315 | D:5      | Reached XP level 9. HP: 43/76 MP: 9/12
  5820 | D:6      | Reached skill level 9 in Unarmed Combat
  5892 | D:6      | HP: 4/80 [water moccasin (9)]
  5893 | D:6      | Slain by a water moccasin

Skill      XL: |  1  2  3  4  5  6  7  8  9 |
---------------+----------------------------+-----
Unarmed Combat | 4 5 6 7 8 9 |  9.0
Poison Magic   | 1 2 |  2.2
Transmutations | 3 4 |  4.7
Dodging        | 2 3 4 |  4.0
Fighting       | 3 4 |  4.8
Spellcasting   | |  2.0

Action                   |  1- 3 |  4- 6 |  7- 9 || total
-------------------------+-------+-------+-------++-------
Melee: Unarmed           |    61 |   135 |   180 ||   376
       Headbutt          |     5 |     2 |    12 ||    19
       Punch             |     1 |       |     2 ||     3
 Cast: Beastly Appendage |     9 |     8 |     7 ||    24
       Spider Form       |     1 |     8 |     8 ||    17
       Sticks to Snakes  |     1 |     3 |     7 ||    11
 Abil: Spit Poison       |     7 |    21 |    16 ||    44
  Use: Scroll            |       |     7 |     4 ||    11
       Potion            |       |       |     4 ||     4
 Stab: Sleeping          |       |     1 |       ||     1
  Eat: Chunk             |     1 |     9 |     8 ||    18
Armor: Robe              |    14 |    20 |    35 ||    69
       Skin              |       |     2 |       ||     2
Dodge: Dodged            |    31 |    59 |    86 ||   176
